 Dungeon Crawl Stone Soup version 0.24-a0-545-gd1b266bae6 (webtiles) character file.

Game seed: 44958483097765915

2644 GordonOverkill the Firebug (level 9, -14/63 HPs)
             Began as a Barachi Fire Elementalist on Aug 18, 2019.
             Was an Initiate of Sif Muna.
             Demolished by Harold
             ... wielding a +2 trident of venom
              (17 damage)
             ... on level 7 of the Dungeon.
             The game lasted 00:20:22 (8541 turns).

GordonOverkill the Firebug (BaFE)                   Turns: 8541, Time: 00:20:23

Health: -14/63     AC:  8    Str:  7 (10) XL:     9   Next: 62%
Magic:  3/17       EV: 13    Int: 18 (19) God:    Sif Muna [......]
Gold:   159        SH:  6    Dex: 11 (12) Spells: 6/19 levels left

rFire    + . .     SeeInvis .   a - +0 hunting sling
rCold    . . .     Gourm    .   n - +1 buckler {AC+3}
rNeg     . . .     Faith    .   i - +2 robe {rF+}
rPois    .         Spirit   .   (no helmet)
rElec    .         Reflect  .   l - +0 cloak
rCorr    .         Harm     .   (no gloves)
MR       .....                  (no boots)
Stlth    ++........             (no amulet)
HPRegen  0.20/turn              (no ring)
MPRegen  0.15/turn              (no ring)

@: lethally poisoned (-14 -> -22), marked, slow
A: +LOS, swims, slowness 1, strong legs 1
a: Hop, Renounce Religion


You were on level 7 of the Dungeon.
You worshipped Sif Muna.
Sif Muna was noncommittal.
You were not hungry.

You visited 2 branches of the dungeon, and saw 8 of its levels.

You collected 346 gold pieces.
You spent 187 gold pieces at shops.

Inventory:

Hand Weapons
 a - a +0 hunting sling (weapon)
 b - a +2 war axe of chopping
 w - a +0 trident
Missiles
 e - 210 stones
 h - 56 sling bullets (quivered)
 r - 3 boomerangs
Armour
 i - a +2 robe of fire resistance (worn)
 l - a +0 cloak (worn)
 n - a +1 buckler of protection (worn)
Wands
 u - a wand of iceblast (1)
 A - a wand of digging (3)
Scrolls
 f - 2 scrolls of enchant weapon
 g - a scroll of fog
 j - 3 scrolls of identify
 m - 2 scrolls of remove curse
 v - a scroll of teleportation
 x - a scroll of blinking
Potions
 d - 3 potions of cancellation
 k - 2 potions of haste {unknown}
 o - a potion of magic {unknown}
 p - 2 potions of heal wounds {unknown}
 q - a potion of invisibility {unknown}
 s - a potion of degeneration
 z - a potion of might
Comestibles
 c - 8 rations


   Skills:
 - Level 3.0 Fighting
 - Level 3.0 Dodging
 - Level 3.0 Stealth
 - Level 5.0 Shields
 + Level 5.9 Spellcasting
 + Level 6.1 Conjurations
 + Level 6.9 Fire Magic
 + Level 2.1 Invocations
 - Level 5.0 Evocations


You had 6 spell levels left.
You knew the following spells:

 Your Spells              Type           Power        Failure   Level  Hunger
a - Flame Tongue          Conj/Fire      ####.        1%          1    None
b - Conjure Flame         Conj/Fire      ####....     2%          3    ##.....
c - Sticky Flame          Conj/Fire      ####....     9%          4    ####...
d - Fireball              Conj/Fire      ####......   22%         5    #####..

Your spell library contained the following spells:

 Spells                   Type           Power        Failure   Level  Hunger
 Throw Flame              Conj/Fire      ####..       1%          2    None
 Inner Flame              Hex/Fire       ###.....     9%          3    ##.....


Dungeon Overview and Level Annotations

Branches:
Dungeon (7/15)             Temple (1/1) D:5

Altars:
Ashenzari
Cheibriados
Dithmenos
Elyvilon
Gozag
Hepliaklqana
Kikubaaqudgha
Makhleb
Nemelex Xobeh
Okawaru
Qazlal
Ru
Sif Muna
Trog
Uskayaw
Vehumet
Wu Jian
Xom
Yredelemnul
Zin
The Shining One

Shops:
D:4 [

Annotations:
D:6 2 runed translucent doors, Necrophagist's ghost, novice DEWz
D:7 Harold


Innate Abilities, Weirdness & Mutations

Shadows flee at your approach. (+LOS)
You can swim through water.
You cover ground slowly.
You can hop short distances.


Message History

The flame tongue hits Harold but does no damage.
Harold is almost dead.
You feel very sick.
Harold burns!
Harold hits you with a +2 trident of venom!
* * * LOW HITPOINT WARNING * * *
You are more poisoned.
An adder comes into view.
You feel better.
Harold burns!
Harold closely misses you.
Harold burns!
Harold hits you from afar with a +2 trident of venom!
* * * LOW HITPOINT WARNING * * *
You are lethally poisoned!
It was a potion of degeneration.
There was something very wrong with that liquid.
You feel weakened.
You feel dopey.
You feel clumsy.
* * * LOW HITPOINT WARNING * * *
You feel sick.
Harold burns!
Harold hits you from afar with a +2 trident of venom!
You die...

##.#.#...#####.#**.##*** *,,,
##..............,,..,,,* ****
####.###.##..#.#,..###@* # #.#
#.##..#.#,......* # #.#
#.##..#.#.......********** #
#.###.##..#.#.......,,,,,,,,,, #
#..........(...#**,,,,,*******
########.##..#@######....,,,,,,,,
.........##..#..@...S....,,,,,,,,
###########..#.######....,,,,,,,,
#..#.# *,,,,,*,*****
####******#..#(# *,,,,,*,* *,
.....,,,,,...### *****,*,* *,
#####*****#.## *,*,* *, #.#
***********,*,* *, *,*
*,,,,,,,,,,,*,****, *,*
*,***********,*,,*,


You could see Harold (burning) and an adder.

Vanquished Creatures
  Pikel (D:4)
  Prince Ribbit (D:6)
  Grinder (D:3)
  Eustachio (D:6)
  A water moccasin (D:4)
  3 slaves
  2 black bears (D:6)
  An ogre (D:5)
  2 centaurs (D:5)
  A big kobold (D:5)
  3 bullfrogs
  A gnoll sergeant (D:5)
  A bullfrog skeleton (D:4)
  A gnoll shaman (D:5)
  A jelly (D:6)
  2 orc priests (D:5)
  4 hounds
  3 iguanas
  Ijyb (D:3)
  Natasha (thrice) (D:2)
  3 worker ants
  A hound skeleton (D:6)
  6 gnolls (D:5)
  9 adders
  An adder zombie (D:5)
  4 worms
  A dart slug (D:2)
  4 leopard geckos
  11 orcs
  10 bats
  9 giant cockroaches
  11 goblins
  12 hobgoblins
  6 jackals
  A quokka (D:3)
  2 ball pythons
  6 frilled lizards
  3 jackal skeletons
  9 kobolds
  7 rats
150 creatures vanquished.

Vanquished Creatures (others)
  2 jackals (D:4)
2 creatures vanquished.

Grand Total: 152 creatures vanquished

Notes
Turn   | Place    | Note
-------+----------+-------------------------------------------
     0 | D:1      | GordonOverkill the Barachi Fire Elementalist began the
                  | quest for the Orb.
     0 | D:1      | Reached XP level 1. HP: 13/13 MP: 3/3
   351 | D:1      | Reached XP level 2. HP: 19/19 MP: 5/5
  1490 | D:2      | Reached XP level 3. HP: 24/24 MP: 2/6
  1590 | D:2      | Learned a level 3 spell: Conjure Flame
  2152 | D:2      | Noticed Natasha
  2160 | D:2      | Killed Natasha
  2160 | D:2      | Reached XP level 4. HP: 23/30 MP: 1/8
  2317 | D:2      | Noticed Natasha
  2322 | D:2      | Killed Natasha
  2327 | D:2      | Noticed Natasha
  2372 | D:2      | Killed Natasha
  2372 | D:2      | Reached XP level 5. HP: 8/35 MP: 1/9
  2858 | D:3      | Noticed Grinder
  4105 | D:3      | Reached XP level 6. HP: 41/41 MP: 11/11
  4136 | D:3      | Learned a level 4 spell: Sticky Flame
  4148 | D:3      | Noticed Ijyb
  4165 | D:3      | Killed Ijyb
  4579 | D:4      | Noticed a slave
  4579 | D:4      | Noticed a slave
  4579 | D:4      | Noticed a slave
  4585 | D:4      | Noticed a slave
  4605 | D:3      | Killed a slave
  4707 | D:3      | Killed a slave
  5007 | D:2      | Killed a slave
  5063 | D:3      | Paralysed by Grinder for 5 turns
  5075 | D:3      | Killed Grinder
  5075 | D:3      | Reached skill level 5 in Fire Magic
  5075 | D:3      | Reached XP level 7. HP: 42/46 MP: 3/13
  5379 | D:4      | Noticed Pikel
  5723 | D:4      | Killed Pikel
  5723 | D:4      | Reached XP level 8. HP: 46/57 MP: 5/15
  5985 | D:4      | Found Oskota's Antique Armour Shop.
  5994 | D:4      | Bought a glowing buckler for 187 gold pieces
  6163 | D:5      | Entered Level 5 of the Dungeon
  6172 | D:5      | Reached skill level 5 in Spellcasting
  6172 | D:5      | Reached skill level 5 in Conjurations
  6178 | D:4      | Reached skill level 1 in Shields
  6259 | D:4      | Learned a level 5 spell: Fireball
  7021 | D:5      | Reached XP level 9. HP: 63/63 MP: 9/16
  7211 | D:5      | Found a staircase to the Ecumenical Temple.
  7241 | Temple   | Entered the Ecumenical Temple
  7321 | Temple   | Became a worshipper of Sif Muna the Loreminder
  7573 | D:6      | Noticed Prince Ribbit
  7591 | D:6      | Killed Prince Ribbit
  7591 | D:6      | Reached skill level 5 in Shields
  7595 | D:6      | Reached skill level 1 in Invocations
  7733 | D:6      | Noticed Eustachio
  7739 | D:6      | Killed Eustachio
  7739 | D:6      | Reached skill level 5 in Evocations
  7758 | D:6      | Found a runed translucent door.
  7758 | D:6      | Noticed Necrophagist's ghost (novice DEWz)
  8144 | D:6      | Found a runed translucent door.
  8519 | D:7      | Noticed Harold
  8541 | D:7      | HP: 3/63 [poisoned by Harold]
  8541 | D:7      | Demolished by Harold

Levels and vault maps discovered:
D:1:      ncdulo_lavacross, layout_loops_corners, minmay_misc_feat_cross,
          serial_bayou_ford_a, serial_bayou_crossing
D:2:      layout_rooms, uniq_natasha
D:3:      kennysheep_goblin_castle, layout_basic,
          chequers_serial_rivers_micro_c, uniq_grinder, uniq_ijyb
D:4:      layout_rooms, serial_shops, shop, first_ration,
          hangedman_abyss_or_decor_passed, uniq_pikel
D:5:      layout_cave_pools, minmay_temple_entry_mist, kennysheep_nondescript
D:6:      layout_basic, ebering_ghost_sewer_f, uniq_eustachio,
          uniq_prince_ribbit1
D:7:      layout_basic, uniq_harold
Temple:   grunt_wide_crystal_templ

Skill      XL: |  1  2  3  4  5  6  7  8  9 |
---------------+----------------------------+-----
Stealth        | 2 3 |  3.0
Conjurations   | 2 3 4 5 6 |  6.1
Dodging        | 3 |  3.0
Spellcasting   | 3 4 5 |  5.9
Fire Magic     | 4 5 6 |  6.9
Evocations     | 2 3 4 5 |  5.0
Fighting       | 2 3 |  3.0
Shields        | 4 5 |  5.0
Invocations    | 2 |  2.1

Action                   |  1- 3 |  4- 6 |  7- 9 || total
-------------------------+-------+-------+-------++-------
Melee: Club              |     3 |       |       ||     3
       War axe           |       |       |    12 ||    12
 Fire: Hunting sling     |       |   110 |   111 ||   221
Throw: Stone             |   109 |     9 |     2 ||   120
 Cast: Flame Tongue      |    65 |    80 |    77 ||   222
       Sticky Flame      |       |     7 |    26 ||    33
       Conjure Flame     |       |     1 |       ||     1
       Fireball          |       |       |     6 ||     6
 Abil: Hop               |       |     1 |     2 ||     3
Evoke: Wand              |       |       |     4 ||     4
  Use: Scroll            |       |     1 |    10 ||    11
       Potion            |       |       |     3 ||     3
  Eat: Chunk             |     5 |     9 |    15 ||    29
       Ration            |       |     1 |     1 ||     2
Armor: Robe              |     4 |    16 |    28 ||    48
Dodge: Dodged            |    34 |    43 |    73 ||   150
Block: Buckler           |       |       |    28 ||    28

Table legend:
 A = Non-vault XP
 B = Vault XP
 C = Vault XP percentage of total XP
 D = Non-vault monster count
 E = Vault monster count
 F = Vault count percentage of total count
                 A         B        C        D         E       F
            +---------+---------+-------+---------+---------+-------
      Total |    2258 |    1520 |  40.2 |     130 |      17 |  11.6
            +---------+---------+-------+---------+---------+-------
        D:1 |      28 |       0 |   0.0 |      17 |       0 |   0.0
        D:2 |     131 |      35 |  21.1 |      29 |       1 |   3.3
        D:3 |     118 |     334 |  73.9 |      22 |      13 |  37.1
        D:4 |     437 |     663 |  60.3 |      24 |       1 |   4.0
        D:5 |     764 |       0 |   0.0 |      23 |       0 |   0.0
        D:6 |     687 |     488 |  41.5 |      14 |       2 |  12.5
        D:7 |      93 |       0 |   0.0 |       1 |       0 |   0.0
            +---------+---------+-------+---------+---------+-------
